 Dungeon Crawl Stone Soup version 0.22-a0-412-g2b68d14 (webtiles) character file.

630 Kairos the Chopper (level 7, -9/53 HPs)
             Began as a Human Fighter on May 12, 2018.
             Mangled by an ogre
             ... wielding a +0 giant club
              (15 damage)
             ... on level 4 of the Dungeon.
             The game lasted 00:06:09 (4100 turns).

Kairos the Chopper (Human Fighter)                  Turns: 4100, Time: 00:06:09

Health: -9/53      AC: 13    Str: 18    XL:     7   Next: 77%
Magic:  7/7        EV:  8    Int:  9    God:
Gold:   194        SH:  9    Dex: 12    Spells: 6/6 levels left

rFire    . . .     SeeInvis .   a - +0 war axe
rCold    . . .     Gourm    +   c - +0 shield
rNeg     . . .     Faith    .   h - +0 scale mail
rPois    .         Spirit   .   s - +0 helmet of Noughts and Crosses {rCorr}
rElec    .         Reflect  .   (no cloak)
rCorr    +         Harm     .   w - +2 pair of gloves
MR       .....                  (no boots)
Stlth    ..........             b - amulet of the gourmand
HPRegen  0.17/turn              k - +2 ring of protection
MPRegen  0.10/turn              (no ring)

@: no status effects
A: no striking features
a: no special abilities


You were on level 4 of the Dungeon.
You were very hungry.

You visited 1 branch of the dungeon, and saw 4 of its levels.

You collected 194 gold pieces.

Inventory:

Hand Weapons
 a - a +0 war axe (weapon)
 r - a +0 hunting sling of flaming
Missiles
 p - 3 tomahawks (quivered)
Armour
 c - a +0 shield (worn)
 h - a +0 scale mail (worn)
 s - the +0 helmet of Noughts and Crosses (worn) {rCorr}
   (You took it off Robin on level 2 of the Dungeon)

   It protects you from acid and corrosion.
 w - a +2 pair of gloves (worn)
Jewellery
 b - an amulet of the gourmand (around neck)
 k - a +2 ring of protection (left hand)
Scrolls
 g - 3 scrolls of enchant armour
 i - a scroll of teleportation
 j - 2 scrolls of remove curse
 l - 2 scrolls of magic mapping
 q - a scroll of fog {unknown}
 t - 2 scrolls of fear {unknown}
 v - a scroll of identify
 x - 2 scrolls of immolation {unknown}
 y - a scroll of enchant weapon {unknown}
Potions
 d - a potion of might
 m - a potion of flight {unknown}
 n - a potion of mutation {unknown}
 o - a potion of cancellation {unknown}
 u - a potion of invisibility {unknown}
Comestibles
 f - 8 rations


   Skills:
 + Level 3.9 Fighting
 + Level 5.5 Axes
 + Level 4.7 Armour
 + Level 1.3 Dodging
 + Level 0.2 Stealth
 + Level 4.3 Shields


You had 6 spell levels left.
You didn't know any spells.
Your spell library was empty.

Dungeon Overview and Level Annotations

Branches:
Dungeon (4/15)
 Temple: D:4-7

Altars:
Elyvilon
Nemelex Xobeh

Shops:
D:4 :


Message History

The ogre is severely wounded.
The ogre hits you with a giant club!!
* * * LOW HITPOINT WARNING * * *
You are too injured to fight recklessly!
You are too injured to fight recklessly!
You are too injured to fight recklessly!
You hit the ogre.
The ogre is almost dead.
You block the ogre's attack.
You barely miss the ogre.
The ogre is almost dead.
The ogre barely misses you.
Your shield and scale mail prevent you from hitting the ogre.
The ogre is almost dead.
The ogre hits you with a giant club.
* * * LOW HITPOINT WARNING * * *
You hit the ogre but do no damage.
The ogre is almost dead.
The ogre hits you with a giant club!
You die...

...###.#≈8.8≈#
#####.....########
...##..#≈≈.≈≈#
###...........
..[##.(###'###
##..........
..[..........#
#...######.
.....)..###..##
..### ## .......##
###.## ..#
......## ##.## ..#
####### ##.###
##@.# #.O.#
##..... #...##
..## ..# ##


You could see an ogre.

Vanquished Creatures
  Purgy (D:3)
  A phantom (D:4)
  An ogre (D:4)
  A crimson imp (D:2)
  An orc priest (D:2)
  2 orc wizards (D:4)
  Ijyb (D:3)
  Terence (D:2)
  Robin (D:2)
  4 gnolls (D:2)
  5 adders
  3 worms
  3 dart slugs (D:1)
  2 leopard geckos
  10 orcs
  3 ball pythons (D:1)
  A giant cockroach (D:1)
  12 goblins
  14 hobgoblins
  A quokka (D:3)
  6 bats
  4 frilled lizards
  11 kobolds
  5 rats
94 creatures vanquished.

Notes
Turn   | Place    | Note
-------+----------+-------------------------------------------
     0 | D:1      | Kairos the Human Fighter began the quest for the Orb.
     0 | D:1      | Reached XP level 1. HP: 18/18 MP: 1/1
     7 | D:1      | Noticed a black bear
     7 | D:1      | Noticed a hog
     7 | D:1      | Noticed a komodo dragon
     7 | D:1      | Noticed a killer bee
    61 | D:1      | Reached XP level 2. HP: 22/24 MP: 2/2
   174 | D:1      | Reached XP level 3. HP: 21/29 MP: 3/3
   609 | D:2      | Reached XP level 4. HP: 35/35 MP: 4/4
   611 | D:2      | Reached skill level 3 in Axes
   711 | D:2      | Reached XP level 5. HP: 23/41 MP: 5/5
  1060 | D:2      | Noticed Robin
  1072 | D:2      | Killed Robin
  1072 | D:2      | Reached skill level 4 in Axes
  1093 | D:2      | Reached XP level 6. HP: 40/47 MP: 6/6
  1107 | D:2      | Got a twisted helmet
  1113 | D:2      | Identified the cursed +0 helmet of Noughts and Crosses {rCorr} (You took it off Robin on level 2 of the Dungeon)
  1150 | D:2      | Noticed Terence
  1165 | D:2      | Killed Terence
  1800 | D:3      | Noticed Ijyb
  2065 | D:3      | Killed Ijyb
  2298 | D:3      | Found a white marble altar of Elyvilon.
  2494 | D:3      | Noticed Purgy
  2512 | D:3      | Killed Purgy
  2512 | D:3      | Reached XP level 7. HP: 32/53 MP: 7/7
  2734 | D:4      | HP: 2/53 [ogre/giant club (6)]
  2746 | D:4      | HP: 1/53 [adder (3)]
  2753 | D:3      | Reached skill level 5 in Axes
  3379 | D:4      | Reached skill level 1 in Dodging
  3952 | D:4      | Found Poukeidgh's Book Emporium.
  4063 | D:4      | Found a sparkling altar of Nemelex Xobeh.
  4100 | D:4      | Mangled by an ogre

Vault maps used:
D:1:      onia_arrival_zoo_common, minmay_split_cup_small
D:2:      uniq_terence, uniq_robin
D:3:      first_ration, elyvilon_altar_3, uniq_ijyb, uniq_purgy
D:4:      kennysheep_little_box, okawaru_ov_weapons_minmay, serial_shops,
          nicolae_shop_temple_entry_statues_fountains, shop, shop, shop, shop,
          nemelex_lonely_heart_becter

Skill      XL: |  1  2  3  4  5  6  7 |
---------------+----------------------+-----
Axes           | 3 4 5 |  5.5
Armour         | 4 |  4.7
Shields        | 4 |  4.3
Dodging        | 1 |  1.3
Fighting       | |  3.9
Stealth        | |  0.2

Action                   |  1- 3 |  4- 6 |  7- 9 || total
-------------------------+-------+-------+-------++-------
Melee: War axe           |   111 |   227 |    92 ||   430
  Use: Scroll            |       |     6 |       ||     6
       Potion            |       |       |     2 ||     2
  Eat: Chunk             |       |     3 |       ||     3
       Ration            |       |     1 |     1 ||     2
Armor: Scale mail        |    56 |   125 |    39 ||   220
       Skin              |       |     7 |     6 ||    13
Dodge: Dodged            |    38 |    55 |    30 ||   123
Block: Shield            |    64 |   121 |    49 ||   234

Table legend:
 A = Spawn XP
 B = Non-spawn XP
 C = Spawn XP percentage of total XP
 D = Spawn monster count
 E = Non-spawn monster count
 F = Spawn count percentage of total count
 G = Total turns spent on level
                    A         B        C        D         E        F      G
               +---------+---------+-------+---------+---------+-------+---------
         Total |       0 |     901 |   0.0 |       0 |      94 |   0.0 |  4100
               +---------+---------+-------+---------+---------+-------+---------
           D:1 |       0 |      58 |   0.0 |       0 |      32 |   0.0 |   526
           D:2 |       0 |     274 |   0.0 |       0 |      39 |   0.0 |  1496
           D:3 |       0 |     239 |   0.0 |       0 |      15 |   0.0 |  1728
           D:4 |       0 |     330 |   0.0 |       0 |       8 |   0.0 |   350
               +---------+---------+-------+---------+---------+-------+---------
